 Dungeon Crawl Stone Soup version 0.28.0-43-g3370ac3207 (webtiles) character file.

Game seed: 6611389725500951372

22331 Revguard the Missionary (level 12, -2/100 (106) HPs)
             Began as a Hill Orc Fighter on Mar 11, 2022.
             Was a Priest of Beogh.
             Slain by a thrashing horror (3 damage)
             ... on level 3 of the Abyss.
             The game lasted 01:02:28 (13891 turns).

Revguard the Missionary (Hill Orc Fighter)         Turns: 13891, Time: 01:02:28

HP:   -2/100 (106)  AC: 20    Str: 21 (22) XL:     12   Next: 99%
MP:   30/30         EV: 12    Int:  7 (8)  God:    Beogh [***...]
Gold: 536           SH:  7    Dex: 12      Spells: 11/11 levels left

rFire   . . .      SeeInvis +   N - +2 broad axe (protect)
rCold   x . .      Faith    .   c - +1 buckler
rNeg    . . .      Spirit   .   P - quicksilver dragon scales "Xifeudala" {Fly rC- Will+ MP+9}
rPois   .          Reflect  .   q - +0 helmet
rElec   .          Harm     .   I - +2 cloak
rCorr   .          Rampage  .   (no gloves)
Will    +....      Rage     1%  m - +0 pair of boots
Stlth   +......... Rnd*Tele +   A - amulet of regeneration
HPRegen 0.00/turn               u - ring of see invisible
MPRegen 0.22/turn               (no ring)

@: about to teleport, sick, flying, drained
A: iridescent scales 1, berserk 1, deterioration 1, teleportitis 1, MP-powered
wands
a: Renounce Religion, Smiting


You were on level 3 of the Abyss.
You worshipped Beogh.
Beogh was most pleased with you.
You visited 2 branches of the dungeon, and saw 14 of its levels.
You visited the Abyss 1 time.

You collected 536 gold pieces.

Inventory:

Hand Weapons
 d - a +3 dagger of venom
 i - a +2 short sword of electrocution
 p - the +4 hand axe of Xico {freeze, rElec rC- rN+++ Stlth-}
   (You found it on level 10 of the Dungeon)

   It freezes those it strikes, dealing additional cold damage.
   It can also slow down cold-blooded creatures.
   rC:        It makes you vulnerable to cold.
   rElec:     It insulates you from electricity.
   rN:        It renders you almost immune to negative energy.
   Stlth:     It makes you less stealthy.
 y - a +2 antimagic dire flail
 z - a +2 short sword of protection
 K - a +2 hand axe of flaming
 M - a +2 dagger of protection
 N - a +2 broad axe of protection (weapon)
Missiles
 t - 17 poisoned darts
 E - 2 javelins (quivered)
Armour
 c - a +1 buckler (worn)
 e - a +0 troll leather armour
 k - a +0 plate armour
 m - a +0 pair of boots (worn)
 q - a +0 helmet (worn)
 x - a +0 plate armour
 G - a +3 scale mail of fire resistance
 H - +0 acid dragon scales
 I - a +2 cloak (worn)
 P - the quicksilver dragon scales "Xifeudala" (worn) {Fly rC- Will+ MP+9}
   (You found it on level 10 of the Dungeon)

   rC:        It makes you vulnerable to cold.
   MP:        It affects your magic capacity (+9).
   Fly:       It grants you flight.
   Will:      It increases your willpower.
Jewellery
 u - a ring of see invisible (left hand)
 A - an amulet of regeneration (around neck)
 C - a +4 ring of protection
Wands
 h - a wand of polymorph (12)
 r - a wand of iceblast (9)
Scrolls
 b - 2 scrolls of teleportation
 w - a scroll of identify
 J - 2 scrolls of amnesia
Potions
 a - a potion of lignification
 f - a potion of might
 j - 2 potions of magic
 n - a potion of attraction
 o - a potion of flight
 v - a potion of invisibility
 B - a potion of brilliance
 O - 2 potions of curing
Miscellaneous
 s - a phantom mirror (inert)


   Skills:
 + Level 10.2 Fighting
 + Level 10.0 Axes
 + Level 6.3 Throwing
 + Level 8.6 Armour
 + Level 6.0 Dodging
 + Level 8.7 Shields
 * Level 12.4 Invocations
 + Level 6.7 Evocations


You had 11 spell levels left.
You didn't know any spells.
Your spell library contained the following spells:

 Spells                   Type           Power      Damage    Failure   Level
 Animate Skeleton         Necr           0%         N/A       65%         1
 Pain                     Necr           0%         1d4       65%         1
 Shock                    Conj/Air       0%         1d3       65%         1
 Corpse Rot               Necr/Air       0%         N/A       78%         2
 Ensorcelled Hibernation  Hex/Ice        0%         N/A       78%         2
 Passwall                 Tmut/Erth      0%         N/A       78%         2
 Conjure Flame            Conj/Fire      0%         6-21      95%         3
 Dazzling Flash           Conj/Hex       0%         N/A       95%         3
 Frozen Ramparts          Ice            0%         1d2       95%         3
 Ignite Poison            Fire/Tmut/Pois 0%         N/A       95%         3
 Ozocubu's Armour         Ice            0%         N/A       95%         3
 Summon Guardian Golem    Hex/Summ       0%         N/A       95%         3
 Swiftness                Air            0%         N/A       95%         3
 Vampiric Draining        Necr           0%         2d6       95%         3
 Airstrike                Air            0%         N/A       100%        4
 Dispel Undead            Necr           0%         3d6       100%        4
 Ice Form                 Ice/Tmut       0%         N/A       100%        4
 Petrify                  Tmut/Erth      0%         N/A       100%        4
 Sticky Flame             Conj/Fire      0%         2d3       100%        4
 Summon Ice Beast         Ice/Summ       0%         N/A       100%        4
 Agony                    Necr           0%         N/A       100%        5
 Alistair's Intoxication  Tmut/Pois      0%         N/A       100%        5
 Borgnjor's Vile Clutch   Necr/Erth      0%         N/A       100%        5
 Metabolic Englaciation   Hex/Ice        0%         N/A       100%        5
 Silence                  Hex/Air        0%         N/A       100%        5
 Death Channel            Necr           0%         N/A       100%        6
 Eringya's Noxious Bog    Tmut/Pois      0%         N/A       100%        6
 Simulacrum               Ice/Necr       0%         N/A       100%        6
 Statue Form              Tmut/Erth      0%         N/A       100%        6
 Orb of Destruction       Conj           0%         9d5       100%        7
 Spellforged Servitor     Conj/Summ      0%         N/A       100%        7


Dungeon Overview and Level Annotations

Branches:
Dungeon (13/15)            Temple (1/1) D:4            Lair (0/6) D:8
    Orc: D:9-12      Vaults: D:13-14

Altars:
Ashenzari
Cheibriados
Dithmenos
Elyvilon
Fedhas
Gozag
Hepliaklqana
Kikubaaqudgha
Makhleb
Nemelex Xobeh
Okawaru
Qazlal
Ru
Sif Muna
Trog
Uskayaw
Vehumet
Wu Jian
Xom
Yredelemnul
Zin
The Shining One

Shops:
D:1 [   D:8 (

Annotations:
D:10 2 runed translucent doors


Innate Abilities, Weirdness & Mutations

You are partially covered in iridescent scales. (AC +2)
You tend to lose your temper in combat.
Your body sometimes deteriorates upon taking damage.
You are occasionally teleported next to monsters.
You expend magic power (3 MP) to strengthen your wands.


Message History

You block the thrashing horror's attack.
As you read the scroll of teleportation, it crumbles to dust.
You feel strangely unstable.
You feel the power of the Abyss delaying your translocation!
The thrashing horror roars!
You hear a bellow!
The thrashing horror completely misses you.
The thrashing horror barely misses you.
The thrashing horror closely misses you.
The thrashing horror tramples you but does no damage.
The thrashing horror tramples you but does no damage.
The thrashing horror barely misses you.
The thrashing horror roars!
You hear a bellow!
The thrashing horror tramples you.
* * * LOW HITPOINT WARNING * * *
You are shoved backwards!
The thrashing horror roars!
You block the thrashing horror's attack.
The thrashing horror tramples you but does no damage.
The thrashing horror roars!
The thrashing horror tramples you but does no damage. x2
The thrashing horror tramples you.
* * * LOW HITPOINT WARNING * * *
You hold your ground!
You block the thrashing horror's attack.
You block the thrashing horror's attack.
The thrashing horror tramples you but does no damage.
The thrashing horror tramples you.
* * * LOW HITPOINT WARNING * * *
You hold your ground!
You block the thrashing horror's attack.
The thrashing horror roars!
You block the thrashing horror's attack. x2
The bone dragon bites you!
* * * LOW HITPOINT WARNING * * *
Your body deteriorates!
You feel weakened. The bone dragon closely misses you.
The bone dragon tramples you but does no damage.
The thrashing horror tramples you but does no damage.
The thrashing horror tramples you.
You die...

#.###... .....#### #.
#....#.###....# ... .
.#........3..#.....
##...#...3.#....3...§
#..###.#...###§≈...≈.
#....#...#.#.§..+#''
#.........G...# # ≈ ≈
#..XD..###...## # .⌠≈
###.@...#......≈# _ ≈
####..#.......#≈≈ ≈
##.........# + +
......... . .......
§§#. # ..... #


You could see a bone dragon, a thrashing horror and 2 neqoxecs.

Vanquished Creatures
  Azrael (D:12)
  A catoblepas (D:13)
  An ogre mage (D:10)
  Erolcha (D:9)
  A boulder beetle (D:13)
  A centaur warrior (D:12)
  A tengu warrior (D:13)
  A two-headed ogre (D:9)
  A thrashing horror (Abyss:3)
  3 death yaks (D:8)
  Nergalle (D:11)
  4 skeletal warriors (D:12)
  A fire crab (shapeshifter) (D:12)
  An orc knight (D:10)
  A large abomination (Abyss:3)
  2 cyclopes
  A manticore (D:12)
  Maurice (D:9)
  A gargoyle (D:10)
  Joseph (D:7)
  An unseen horror (D:10)
  3 kobold demonologists
  A tengu conjurer (D:13)
  4 trolls
  Prince Ribbit (D:9)
  A wyvern (D:7)
  A wraith (D:13)
  4 fire bats (D:8)
  A basilisk (D:10)
  7 yaks
  A fire elemental (D:12)
  A steam dragon (D:8)
  A vampire mosquito (D:12)
  An acid dragon (D:9)
  3 hell hounds
  Duvessa (D:6)
  A water moccasin (D:7)
  2 orc warriors (D:9)
  3 ogres (D:6)
  4 centaurs
  2 bullfrogs (D:7)
  2 gnoll sergeants
  4 kobold brigands
  A wyvern skeleton (D:7)
  2 scorpions
  Dowan (D:6)
  11 killer bees
  4 wights (D:9)
  A howler monkey (D:7)
  2 lava snakes (D:8)
  4 centaur zombies
  2 bullfrog skeletons
  2 hounds (D:5)
  4 orc priests
  Crazy Yiuf (D:4)
  A jelly (D:7)
  3 centaur skeletons
  2 gnoll shamans
  4 iguanas
  2 orc wizards
  A hell rat (D:8)
  A small abomination (Abyss:3)
  2 howler monkey zombies
  13 gnolls
  2 howler monkey skeletons
  5 adders
  A shadow imp (D:7)
  A white imp (D:7)
  An ufetubus (D:5)
  3 worms
  A dart slug (D:1)
  30 orcs
  8 endoplasms
  7 giant cockroaches
  6 goblins
  8 hobgoblins
  6 jackals
  4 quokkas
  8 ball pythons
  7 bats
  5 frilled lizards
  19 kobolds
  3 rats (D:1)
  2 fire vortices (D:8)
267 creatures vanquished.

Vanquished Creatures (collateral kills)
  A boulder beetle (D:11)
  An ugly thing (D:12)
  A manticore (shapeshifter) (D:10)
  Sigmund (D:4)
  2 fire elementals (D:12)
  6 yaks (D:10)
  An acid dragon (D:11)
  A hell hound (D:12)
  An orc warrior (D:10)
  An orc wizard (D:9)
  An orc (D:10)
  A kobold (D:11)
18 creatures vanquished.

Vanquished Creatures (others)
  An orc high priest (D:12)
  An orc priest (D:12)
  An orc warrior (D:12)
  A centaur (D:12)
  3 orc wizards
  8 orcs
  2 endoplasms (D:4)
  3 jackals (D:4)
  A fire vortex (D:8)
21 creatures vanquished.

Grand Total: 306 creatures vanquished

Notes
Turn   | Place    | Note
-------+----------+-------------------------------------------
     0 | D:1      | Revguard the Hill Orc Fighter began the quest for the Orb.
     0 | D:1      | Reached XP level 1. HP: 19/19 MP: 1/1
   174 | D:1      | Reached XP level 2. HP: 16/27 MP: 2/2
   439 | D:1      | Found Zionupri's Antique Armour Shoppe.
   701 | D:1      | Reached XP level 3. HP: 33/33 MP: 3/3
   982 | D:1      | Found a faded altar of an unknown god.
  1478 | D:2      | Found a stormy altar of Qazlal.
  1679 | D:2      | Reached XP level 4. HP: 22/41 MP: 4/4
  2274 | D:2      | Reached skill level 1 in Throwing
  2517 | D:3      | Found a shadowy altar of Dithmenos.
  3172 | D:3      | Reached skill level 1 in Dodging
  3202 | D:3      | Reached XP level 5. HP: 12/47 MP: 5/5
  3493 | D:3      | Reached skill level 5 in Fighting
  3659 | D:3      | Found a hazy altar of Hepliaklqana.
  3662 | D:3      | Found an ornate altar of the Wu Jian Council.
  3665 | D:3      | Found a sparkling altar of Nemelex Xobeh.
  3871 | D:4      | Found a runed translucent door.
  3872 | D:4      | Noticed Crazy Yiuf
  4034 | D:4      | Noticed Sigmund
  4046 | D:4      | Killed Sigmund
  4047 | D:4      | Reached XP level 6. HP: 46/56 MP: 6/6
  4106 | D:4      | Found a staircase to the Ecumenical Temple.
  4149 | Temple   | Entered the Ecumenical Temple
  4303 | D:4      | Became a worshipper of Beogh the Brigand
  4406 | D:4      | HP: 1/57 [iguana (7)]
  4752 | D:4      | Found a white marble altar of Elyvilon.
  5043 | D:4      | Killed Crazy Yiuf
  5044 | D:4      | Reached XP level 7. HP: 58/62 MP: 7/7
  5095 | D:5      | Entered Level 5 of the Dungeon
  5118 | D:5      | Reached skill level 1 in Invocations
  5362 | D:5      | Reached skill level 1 in Evocations
  5471 | D:5      | Found a hide-covered altar of Uskayaw.
  5765 | D:5      | Reached skill level 2 in Invocations
  6484 | D:6      | Reached skill level 3 in Invocations
  6603 | D:6      | Reached skill level 5 in Axes
  6603 | D:6      | Reached XP level 8. HP: 71/71 MP: 10/10
  6689 | D:6      | Gained mutation: You sometimes lose the ability to read
                  | scrolls when taking damage. [potion of mutation]
  6689 | D:6      | Gained mutation: You are frail. (-10% HP) [potion of
                  | mutation]
  6689 | D:6      | Gained mutation: Your mind is acute. (Int +2) [potion of
                  | mutation]
  6690 | D:6      | Lost mutation: Your mind is acute. (Int +2) [potion of
                  | mutation]
  6690 | D:6      | Lost mutation: You sometimes lose the ability to read
                  | scrolls when taking damage. [potion of mutation]
  6690 | D:6      | Lost mutation: You are frail. (-10% HP) [potion of
                  | mutation]
  6690 | D:6      | Gained mutation: You expend magic power (3 MP) to
                  | strengthen your wands. [potion of mutation]
  6690 | D:6      | Gained mutation: You are partially covered in iridescent
                  | scales. (AC +2) [potion of mutation]
  6690 | D:6      | Gained mutation: You tend to lose your temper in combat.
                  | [potion of mutation]
  6807 | D:6      | Noticed Duvessa
  6807 | D:6      | Noticed Dowan
  6819 | D:6      | Killed Duvessa
  6830 | D:6      | Killed Dowan
  7021 | D:6      | Reached skill level 5 in Shields
  7021 | D:6      | Reached skill level 4 in Invocations
  7458 | D:7      | Reached skill level 5 in Armour
  7572 | D:7      | Noticed a wyvern
  7580 | D:7      | Noticed Joseph
  7585 | D:7      | Killed Joseph
  7586 | D:7      | Reached skill level 5 in Invocations
  7586 | D:7      | Reached XP level 9. HP: 72/79 MP: 0/12
  7617 | D:7      | Reached * piety under Beogh
  7962 | D:7      | Reached skill level 6 in Invocations
  8457 | D:8      | Noticed a death yak
  8458 | D:8      | Noticed a death yak
  8477 | D:8      | Noticed a death yak
  8478 | D:8      | Killed a death yak
  8480 | D:8      | Killed a death yak
  8481 | D:8      | Reached skill level 7 in Invocations
  8481 | D:8      | Reached XP level 10. HP: 88/88 MP: 1/15
  8491 | D:8      | Killed a death yak
  8608 | D:8      | Found a staircase to the Lair.
  8733 | D:8      | Reached skill level 8 in Invocations
  8881 | D:8      | Reached ** piety under Beogh
  8900 | D:8      | Found Loofamoi's Antique Weapon Emporium.
  9258 | D:8      | Found a snail-covered altar of Cheibriados.
  9410 | D:8      | Found a shimmering blue altar of Sif Muna.
  9555 | D:9      | Noticed Prince Ribbit
  9574 | D:9      | Killed Prince Ribbit
  9606 | D:9      | Noticed a two-headed ogre
  9614 | D:9      | Killed a two-headed ogre
  9615 | D:9      | Reached skill level 9 in Invocations
  9615 | D:9      | Reached XP level 11. HP: 95/95 MP: 2/17
  9828 | D:9      | Noticed Erolcha
  9840 | D:9      | Killed Erolcha
  9861 | D:9      | Reached skill level 5 in Evocations
  9896 | D:9      | Noticed a cyclops
  9910 | D:9      | Killed a cyclops
  9971 | D:9      | Reached *** piety under Beogh
 10215 | D:9      | Noticed a sixfirhy
 10359 | D:9      | Noticed Maurice
 10368 | D:9      | Killed Maurice
 10746 | D:10     | Entered Level 10 of the Dungeon
 10838 | D:10     | Reached skill level 5 in Throwing
 10909 | D:10     | Reached skill level 10 in Invocations
 10961 | D:10     | Found a large runed translucent door.
 10963 | D:10     | Found a large runed translucent door.
 10972 | D:10     | Found a large runed translucent door.
 10972 | D:10     | Found a large runed translucent door.
 11241 | D:10     | Noticed a lindwurm
 11275 | D:10     | Noticed a manticore
 11319 | D:10     | Noticed an orc knight
 11328 | D:10     | Killed an orc knight
 11329 | D:10     | Reached skill level 5 in Dodging
 11463 | D:10     | Noticed an ogre mage
 11468 | D:10     | Killed an ogre mage
 11712 | D:10     | Identified the +4 hand axe of Xico {freeze, rElec rC- rN+++
                  | Stlth-}
 11872 | D:10     | Noticed a swamp dragon
 11874 | D:10     | Noticed a manticore
 11874 | D:10     | a swamp dragon changed into a manticore
 11888 | D:10     | Killed a manticore
 11889 | D:10     | Reached XP level 12. HP: 58/105 MP: 13/20
 11929 | D:10     | Identified the quicksilver dragon scales "Xifeudala" {Fly
                  | rC- Will+ MP+9}
 12013 | D:11     | Noticed a boulder beetle
 12037 | D:11     | Killed a boulder beetle
 12212 | D:11     | Noticed Nergalle
 12225 | D:11     | Killed Nergalle
 12226 | D:11     | Reached skill level 11 in Invocations
 12376 | D:11     | Found a broken altar of Ashenzari.
 12574 | D:12     | Noticed Azrael
 12587 | D:12     | Noticed a centaur warrior
 12588 | D:12     | Killed Azrael
 12600 | D:12     | Noticed an eight-headed hydra
 12602 | D:12     | Noticed a boulder beetle
 12650 | D:13     | Noticed a catoblepas
 12663 | D:13     | Killed a catoblepas
 12664 | D:13     | Reached skill level 10 in Fighting
 12910 | D:13     | Noticed a boulder beetle
 12915 | D:13     | Noticed a tengu warrior
 12923 | D:13     | Killed a tengu warrior
 12924 | D:13     | Reached skill level 12 in Invocations
 12930 | D:13     | Killed a boulder beetle
 13204 | D:13     | Noticed a death knight
 13319 | D:12     | Noticed a centaur warrior
 13323 | D:12     | HP: 4/106 [fire crab (shapeshifter) (15)]
 13667 | D:12     | Killed a centaur warrior
 13668 | D:12     | Reached skill level 10 in Axes
 13725 | D:12     | Cast into level 3 of the Abyss (a wizard)
 13738 | Abyss:3  | Noticed a thrashing horror
 13766 | Abyss:3  | Killed a thrashing horror
 13839 | Abyss:3  | Noticed a revenant
 13843 | Abyss:3  | Noticed a spectral caustic shrike
 13845 | Abyss:3  | Noticed a spectral spriggan defender
 13846 | Abyss:3  | Noticed a thrashing horror
 13848 | Abyss:3  | Gained mutation: Your body sometimes deteriorates upon
                  | taking damage. [a neqoxec]
 13850 | Abyss:3  | Gained mutation: You are occasionally teleported next to
                  | monsters. [a neqoxec]
 13867 | Abyss:3  | Found a corrupted altar of Lugonu.
 13872 | Abyss:3  | Noticed a bone dragon
 13890 | Abyss:3  | HP: 1/100 [bone dragon (13)]
 13891 | Abyss:3  | Slain by a thrashing horror

Illustrated notes

Levels and vault maps discovered:
D:1:      dpeg_arrival_tiny_a, layout_basic, shapermc_ecumenical_altar_gd,
          serial_shops, shop_fountains, minmay_cut_off
D:2:      layout_loops_corners, basic_altar
D:3:      layout_loops_corners, nicolae_dithmenos_shadow_blocks,
          minmay_overflow_temple_star_quad
D:4:      minmay_angry_zag, layout_basic, elyvilon_altar_1,
          minmay_temple_entry_tees, grunt_ministairs_1, uniq_crazy_yiuf_cottage,
          uniq_sigmund
D:5:      layout_basic, mainiacjoe_overflow_alcove_2
D:6:      layout_basic, kennysheep_generic_room_10, uniq_duvessa
D:7:      layout_rooms, uniq_joseph
D:8:      layout_gridville, lemuel_blue_sif_altar,
          mainiacjoe_overflow_concentric_impassable, dpeg_lair_monsters,
          serial_shops, shop, hangedman_incinerator
D:9:      layout_gridville, uniq_maurice, uniq_prince_ribbit1, uniq_erolcha
D:10:     layout_basic, enter_bailey_2, minmay_hollow_rounded_squares
D:11:     layout_big_octagon, nicolae_ashenzari_skybound, uniq_nergalle
D:12:     minmay_the_grid_octo_tiled_octocenter [minmay_the_grid_octo_horde,
          minmay_the_grid_octo_teeth, minmay_the_grid_octo_tetromino_candy,
          minmay_the_grid_octo_fan_narrow,
          minmay_the_grid_octo_prize_ultimate_mussel_roller,
          minmay_the_grid_square_5x5_hollow_slash,
          minmay_the_grid_square_5x5_mess, minmay_the_grid_square_5x5_inner_v,
          minmay_the_grid_square_5x5_half_checkered], layout_gridville,
          orc_0_dummy, gammafunk_ghost_berserking_beasts, uniq_azrael
D:13:     layout_loops_cross
Temple:   nicolae_temple_great_sept
Abyss:3:  base: D:4, bh_abyss_negative, bh_abyss_negative,
          serial_sigils_hangedman_gut, hangedman_abyss_overflow_altar,
          hangedman_abyss_overflow_altar

Skill      XL: |  1  2  3  4  5  6  7  8  9 10 11 12 |
---------------+-------------------------------------+-----
Axes           | 3 4 5 6 7 9 10 | 10.0
Fighting       | 4 5 6 7 8 9 10 | 10.2
Throwing       | 1 2 3 4 5 6 |  6.3
Dodging        | 1 2 3 4 5 6 |  6.0
Armour         | 4 5 6 7 8 |  8.6
Shields        | 4 5 6 7 8 |  8.7
Invocations    | 3 5 7 9 10 12 | 12.4
Evocations     | 1 2 4 5 6 |  6.7

Action                   |  1- 3 |  4- 6 |  7- 9 | 10-12 || total
-------------------------+-------+-------+-------+-------++-------
Melee: War axe           |   108 |   151 |   213 |   231 ||   703
       Broad axe         |       |       |       |   187 ||   187
Throw: Stone             |       |     3 |       |       ||     3
       Dart              |       |       |     7 |    26 ||    33
       Javelin           |       |       |     3 |    15 ||    18
       Throwing net      |       |       |       |     1 ||     1
Invok: Convert to Beogh  |       |     1 |       |       ||     1
       Smiting           |       |       |       |    10 ||    10
Evoke: Wand              |       |     4 |    13 |    50 ||    67
       Phantom mirror    |       |       |       |     1 ||     1
  Use: Scroll            |     3 |     4 |     6 |    21 ||    34
       Potion            |     1 |     2 |     3 |     3 ||     9
 Stab: Paralysed         |       |       |       |     8 ||     8
       Invisible         |       |       |       |     2 ||     2
       Held in net/web   |       |       |       |     1 ||     1
Armor: Scale mail        |    23 |       |       |       ||    23
       Plate armour      |    39 |    79 |   177 |   213 ||   508
       Quicksilver drago |       |       |       |   189 ||   189
Dodge: Dodged            |    53 |    57 |   120 |   285 ||   515
Block: Buckler           |    39 |    39 |    64 |   179 ||   321
